AoeStats
← BasicOrc4106

Pilgrims

509527987Analyzed
4v4 RM · 6d ago on Sep 27, 2026· 68m 34s· 8 players
Game mode
Random Map
Map size
Large (8 player)
Population
200
Speed
Normal
Resources
Standard
Victory
Conquest
Starting age
Dark Age
Ending age
Imperial Age
RankedLock teamsTeams togetherTeam positionsShared explorationLock speedFull tech treeHidden civsTurbo modeCheats
Victory
Defeat
🇲🇽 Gurjaras · Mexico
920
+11
🇨🇳 Franks · China
774
+17
🇺🇸 Malians · United States
696
+20
🇦🇷 Chinese · Argentina
691
+20
🇲🇽 Mongols · Mexico
883
-47
🇺🇸 Teutons · United States
805
-18
🇹🇷 Turks · Türkiye
744
-15
🇺🇸 Aztecs · United States
731
-14
NutMilkMan
11:34 Loom
14:47 Feudal Age
15:19 Double-Bit Axe
15:58 Man-at-Arms
17:59 Horse Collar
27:54 Arson
29:24 Wheelbarrow
32:42 Castle Age
32:46 Pikeman
33:28 Squires
32:52 Crossbowman
BasicOrc4106
1:32 Loom
13:38 Feudal Age
14:15 Double-Bit Axe
14:13 Fishing Lines
14:47 Town Watch
15:37 Wheelbarrow
20:34 Castle Age
21:26 Gillnets
21:53 Hand Cart
21:38 Town Patrol
24:20 Medium Warships
29:35 Bow Saw
30:13 Man-at-Arms
30:39 Gambesons
30:54 Squires
30:40 Arson
31:01 Long Swordsman
34:27 Imperial Age
32:04 Herbal Medicine
32:34 Ballistics
32:43 Scale Mail Armor
32:54 Forging
33:40 Gold Mining
35:02 Gold Shaft Mining
35:38 Chain Mail Armor
35:58 Iron Casting
34:49 Two-Handed Swordsman
37:27 Plate Mail Armor
38:49 Blast Furnace
38:08 Champion
40:39 Conscription
41:23 Garland Wars
44:02 Treadmill Crane
46:29 Chemistry
48:58 Murder Holes
64:25 Elite Jaguar Warrior
brauxico
11:00 Feudal Age
12:01 Double-Bit Axe
13:52 Wheelbarrow
15:08 Gold Mining
18:19 Castle Age
16:29 Town Watch
17:35 Loom
21:33 Gold Shaft Mining
21:58 Medium Warships
24:24 Light Cavalry
33:09 Bow Saw
40:17 Stone Mining
41:27 Fletching
44:15 Imperial Age
42:24 Wheelbarrow
43:52 Hand Cart
43:39 Town Patrol
49:04 Conscription
48:06 Elite Mangudai
54:09 Drill
55:04 Hoardings
58:04 Capped Ram
59:00 Siege Ram
61:13 Ballistics
61:55 Chemistry
60:50 Murder Holes
61:02 Siege Engineers
AloneArcher
13:19 Feudal Age
14:15 Double-Bit Axe
14:18 Horse Collar
17:26 Fishing Lines
17:24 Man-at-Arms
17:49 Arson
19:36 Stone Mining
19:38 Gold Mining
25:49 Castle Age
27:59 Gillnets
33:15 Heavy Plow
33:59 Bow Saw
41:19 Imperial Age
47:00 Wheelbarrow
46:11 Town Watch
48:02 Gold Shaft Mining
52:27 Hand Cart
56:21 Imperial Age
53:37 Loom
55:54 Demolition Ship
57:21 Heavy Demolition Ship
57:30 Elite Cannon Galleon
58:59 Elite Janissary
63:08 Two-Man Saw
Zukomazi
BL_ELEKA
4:02 Loom
6:07 Loom
14:08 Feudal Age
17:07 Bloodlines
17:08 Forging
17:04 Scale Barding Armor
19:46 Horse Collar
22:01 Wheelbarrow
21:57 Gold Mining
28:23 Castle Age
29:56 Iron Casting
29:41 Chain Barding Armor
29:52 Heavy Plow
29:38 Double-Bit Axe
30:35 Chain Barding Armor
30:18 Husbandry
33:21 Hand Cart
43:16 Bow Saw
49:17 Town Watch
53:23 Imperial Age
55:07 Plate Barding Armor
57:03 Elite Shrivamsha Rider
darador86
18:48 Feudal Age
18:53 Man-at-Arms
19:37 Gold Mining
19:41 Stone Mining
19:48 Fishing Lines
27:23 Castle Age
28:57 Double-Bit Axe
29:07 Gillnets
31:58 Wheelbarrow
31:09 Town Watch
33:25 Squires
32:45 Pikeman
33:45 Long Swordsman
35:28 Siphons
35:36 Clinker Construction
36:27 Ballistics
42:31 Imperial Age
43:53 Shipwright
44:34 Chemistry
44:46 Medium Warships
43:57 Demolition Ship
47:55 Thumb Ring
47:10 Crossbowman
58:51 Hand Cart
58:37 Town Patrol
An
12:35 Feudal Age
16:56 Castle Age
15:27 Forging
16:00 Man-at-Arms
16:44 Double-Bit Axe
21:35 Stone Mining
31:46 Imperial Age
29:38 Gold Mining
34:10 Chivalry
33:35 Cavalier
37:01 Bow Saw
39:36 Gold Shaft Mining
46:26 Paladin
47:53 Iron Casting
47:24 Scale Barding Armor
51:31 Heavy Scorpion
Connection lost

Rejoining the realm…

Still unreachable

The connection could not be restored.

Session expired

The server has moved on; the page needs a fresh start.